AoeStats
← AiM | CanvaL

Arabian Desert

509112899Analyzed
1v1 RM · 7d ago on Sep 25, 2026· 57m 40s· 2 players
Game mode
Random Map
Map size
Tiny (2 player)
Population
200
Speed
Normal
Resources
Standard
Victory
Conquest
Starting age
Dark Age
Ending age
Imperial Age
RankedLock teamsTeams togetherTeam positionsShared explorationLock speedFull tech treeHidden civsTurbo modeCheats
Victory
Defeat
🇨🇱 Khmer · Chile
1517
+17
🇪🇸 Mongols · Spain
1542
-17
AiM | CanvaL
6:24 Loom
9:17 Feudal Age
10:44 Double-Bit Axe
17:02 Wheelbarrow
16:39 Horse Collar
18:28 Forging
20:52 Scale Barding Armor
22:47 Bloodlines
26:08 Scale Barding Armor
29:55 Castle Age
30:11 Light Cavalry
30:55 Fletching
31:50 Iron Casting
31:02 Town Watch
32:34 Gold Mining
32:57 Husbandry
35:17 Chain Barding Armor
42:38 Gold Shaft Mining
Pol
7:36 Feudal Age
7:32 Loom
9:14 Double-Bit Axe
15:40 Bloodlines
18:33 Scale Barding Armor
24:18 Castle Age
23:18 Horse Collar
24:14 Horse Collar
25:49 Chain Barding Armor
26:32 Forging
27:37 Husbandry
33:44 Fletching
37:20 Bodkin Arrow
41:30 Ballistics
41:11 Padded Archer Armor
52:37 Wheelbarrow
51:47 Town Watch
Connection lost

Rejoining the realm…

Still unreachable

The connection could not be restored.

Session expired

The server has moved on; the page needs a fresh start.